 Dungeon Crawl Stone Soup version 0.30.0-19-g36f170ea60 (webtiles) character file.

Game seed: 2371569421409944250

95 Bnni the Digger (level 4, -1/30 HPs)
             Began as a Formicid Earth Elementalist on May 31, 2023.
             Slain by an adder (3 damage)
             ... on level 2 of the Dungeon.
             The game lasted 00:02:33 (1477 turns).

Bnni the Digger (Formicid Earth Elementalist)       Turns: 1477, Time: 00:02:33

Health: -1/30      AC:  2    Str: 13    XL:     4   Next: 97%
Magic:  1/8        EV: 12    Int: 16    God:
Gold:   95         SH:  0    Dex: 14    Spells: 2/8 levels left

rFire   . . .        c - +0 dagger
rCold   . . .        (no shield)
rNeg    . . .        a - +0 robe
rPois   .            (helmet unavailable)
rElec   .            (no cloak)
rCorr   .            (no gloves)
SInv    +            (no boots)
Will    .....        (no amulet)
Stlth   ++           (no ring)
HPRegen 0.25/turn    (no ring)
MPRegen 0.11/turn

%: no passive effects
@: lethally poisoned (-1 -> -1)
A: permanent stasis, dig shafts and tunnels, antennae 3, four strong arms
a: Dig, Shaft Self


You were on level 2 of the Dungeon.
You visited 1 branch of the dungeon, and saw 2 of its levels.

You collected 95 gold pieces.

Inventory:

Hand Weapons
 c - a +0 dagger (weapon)
Armour
 a - a +0 robe (worn)
 d - a +0 ring mail
 h - a +0 scale mail
Scrolls
 e - 2 scrolls of identify {unknown}
 g - 2 scrolls of poison {unknown}
Potions
 b - a potion of magic
 f - a potion of berserk rage {unknown}
 i - a potion of flight {unknown}
 j - a potion of cancellation
 k - a potion of mutation {unknown}


   Skills:
 + Level 2.4 Dodging
 + Level 3.4 Stealth
 + Level 2.9 Spellcasting
 + Level 2.2 Transmutations
 + Level 4.2 Earth Magic


You had 2 spell levels left.
You knew the following spells:

 Your Spells              Type           Power      Damage    Failure   Level
a - Sandblast             Erth           32%        2d9       3%          1
b - Passwall              Tmut/Erth      10%        N/A       8%          2
c - Stone Arrow           Conj/Erth      18%        3d8       24%         3

Your spell library contained the following spells:

 Spells                   Type           Power      Damage    Failure   Level
 Magic Dart               Conj           8%         1d3       19%         1
 Searing Ray              Conj           4%         2d4       28%         2
 Static Discharge         Conj/Air       4%         2-3/arc   28%         2
 Petrify                  Tmut/Erth      12%        N/A       45%         4
 Airstrike                Air            1%         2d(1-17)  88%         4
 Fulminant Prism          Conj/Hex       1%         3d5       88%         4
 Summon Lightning Spire   Summ/Air       2%         N/A       88%         4


Dungeon Overview and Level Annotations

Branches:
Dungeon (2/15)

Altars:

Shops:
D:1 *


Innate Abilities, Weirdness & Mutations

You cannot be hasted, slowed, berserked, paralysed or teleported.
You can dig through walls and to a lower floor.
You have a pair of large antennae on your head. (SInv)
Your four strong arms can wield two-handed weapons with a shield.


Message History

An adder comes into view.
The orc wizard points at you and mumbles some strange words.
You are confused.
You're too confused to cast spells.
Unknown command.
Unknown command.
You miss the orc wizard.
The orc wizard is almost dead.
The adder hisses angrily.
The orc wizard barely misses you.
You barely miss the orc wizard.
The orc wizard is almost dead.
The orc wizard gestures at you while chanting.
The puff of flame hits you! The orc wizard barely misses you.
You miss the adder.
You feel less confused. The adder barely misses you.
The orc wizard casts a spell.
The orc wizard flickers and vanishes for a moment.
The adder closely misses you.
You hit the orc wizard but do no damage.
The orc wizard is severely wounded.
The adder bites you.
* * * LOW HITPOINT WARNING * * *
You are poisoned.
The adder poisons you!
The orc wizard hits you with a +0 dagger.
* * * LOW HITPOINT WARNING * * *
Aiming: Sandblast (safe; 3% risk of failure)
Press: ? - help, Q - select action, (/) - cycle Shift-Dir - straight line, f/p - orc wizard
Aim: an orc wizard, wielding a +0 dagger and wearing a +0 robe (severely wounded, slightly transparent, 77% to hit)
The blast of sand hits the orc wizard!
You kill the orc wizard!
You feel sick. The adder bites you.
* * * LOW HITPOINT WARNING * * *
The adder barely misses you.
It was a potion of cancellation.
You feel magically purged.
You feel sick. The adder bites you.
You die...

##...##
######.............
#...##
##############
##...# ### #...##
#.# #...# #.##
#...### ##..#
##..#.###'#.###
##...........######
###.........@S...#
#.......###)...#
#.......# ###..#
#.......# #.)..
#.......# .#..#
#.†.....# # ..
#....#### . ####.#
..


You could see an adder.

Vanquished Creatures
  2 orc wizards (D:2)
  3 dart slugs
  2 orcs (D:2)
  2 bats
  4 endoplasms
  A giant cockroach (D:1)
  5 goblins (D:1)
  3 hobgoblins
  A kobold (D:1)
  3 quokkas
  6 ball pythons (D:1)
  2 frilled lizards
  2 rats (D:1)
36 creatures vanquished.

Notes
Turn   | Place    | Note
-------+----------+-------------------------------------------
     0 | D:1      | Bnni the Formicid Earth Elementalist began the quest for
                  | the Orb.
     0 | D:1      | Reached XP level 1. HP: 13/13 MP: 3/3
   281 | D:1      | Reached XP level 2. HP: 3/19 MP: 0/5
   411 | D:1      | Learned a level 2 spell: Passwall
   736 | D:1      | Reached XP level 3. HP: 24/24 MP: 3/6
   796 | D:1      | Found Luolu's General Store.
   865 | D:1      | Reached skill level 4 in Earth Magic
   975 | D:1      | Learned a level 3 spell: Stone Arrow
  1467 | D:2      | Reached XP level 4. HP: 18/30 MP: 2/8
  1477 | D:2      | Slain by an adder

Illustrated notes

Levels and vault maps discovered:
D:1:      amcnicky_arrival_underground_garden, layout_basic, serial_shops, shop
D:2:      layout_basic, eino_curves_02

Skill      XL: |  1  2  3 |
---------------+----------+-----
Dodging        | 2 |  2.4
Earth Magic    | 4 |  4.2
Stealth        | 3 |  3.4
Transmutations | 2 |  2.2
Spellcasting   | |  2.9

Action                     |  1- 3 |  4- 6 || total
---------------------------+-------+-------++-------
  Melee: Dagger            |    11 |     4 ||    15
         Unarmed           |     2 |       ||     2
   Cast: Sandblast         |    43 |     2 ||    45
    Use: Potion            |       |     1 ||     1
  Dodge: Dodged            |    12 |     5 ||    17
